Cogmind - Beta 14 *** ADVENTURER MODE // 2025.04.28 @ 22:05:59 Player: UnlimitedRune Result: Destroyed by G-47 Trooper with Particle Gun Performance ------------- Evolutions (3) 1500 Regions Visited (4) 800 Robots Destroyed (67) 335 Value Destroyed (1748) 1748 Prototype IDs (0) 0 Alien Tech Used (0) 0 Bonus (0) 0 TOTAL SCORE: 4383 Bonus ------- None Cogmind --------- Core Integrity 0/700 Matter 82/300 Energy 27/100 System Corruption 0% Temperature Cool (9) Movement Rolling (205) Ox7 Location -7/Factory Parts ------- > --- POWER (3) -------- (None) > --- PROPULSION (2) --- Compact Wheel > --- UTILITY (5) ------ Huge Storage Unit Huge Storage Unit Weight Redist. System Visual Processing Unit Signal Interpreter > --- WEAPON (3) ------- (None) > --- INVENTORY (25) --- Aluminum Leg Wheel Small Battery (100) Sensor Array Terrain Scanner Improved Targeting Computer Core Analyzer Particle Charger Heavy Armor Plating Tractor Beam Pulse Rifle Advanced Assault Cannon Gauss Cannon Rocket Launcher Welding Torch Peak State ------------ > --- POWER ------------ Light Ion Engine Improved Deuterium Engine > --- PROPULSION ------- Light Treads Light Treads > --- UTILITY ---------- Huge Storage Unit Trap Scanner Visual Processing Unit Sensor Array Signal Interpreter > --- WEAPON ----------- Shock Rifle Beam Rifle Gatling Laser > --- INVENTORY -------- Light Treads Aluminum Leg Aluminum Leg Wheel Compact Wheel Huge Storage Unit Small Battery Weight Redist. System Sensor Array Terrain Scanner Improved Targeting Computer Core Analyzer Particle Charger Heavy Armor Plating Tractor Beam Pulse Rifle Assault Rifle Gauss Cannon EMP Blaster Grenade Launcher Grenade Launcher Rocket Launcher Welding Torch [Rating: 28] Favorites ----------- Power Light Ion Engine Engine Light Ion Engine Propulsion Wheel Treads Light Treads Leg Aluminum Leg Wheel Wheel Utility Huge Storage Unit Device Sensor Array Storage Huge Storage Unit Processor Visual Processing Unit Protection Light Armor Plating Weapon EM Pulse Gun Energy Gun EM Pulse Gun Ballistic Gun Heavy Assault Rifle Launcher Grenade Launcher Build | -11 -10 -9 -8 -7 ------- Run | Yrd Mat Mat Mat Fac Slots Evolved 6 | . . 2 2 2 Power 2 | . . 1 . 1 Propulsion . | . . . . . Utility 3 | . . 1 1 1 Weapon 1 | . . . 1 . Parts Attached 64 | 9 11 5 11 28 Power 11 | 2 . 2 2 5 Engine 11 | 2 . 2 2 5 Core . | . . . . . Reactor . | . . . . . Propulsion 16 | 3 4 . 2 7 Treads 4 | 1 . . . 3 Leg 3 | . . . . 3 Wheel 9 | 2 4 . 2 1 Hover . | . . . . . Flight . | . . . . . Utility 16 | 1 4 2 4 5 Device 9 | . 3 1 2 3 Storage 3 | 1 1 . . 1 Processor 2 | . . 1 . 1 Hackware . | . . . . . Protection 2 | . . . 2 . Artifact . | . . . . . Weapon 21 | 3 3 1 3 11 Energy Gun 10 | 2 1 1 2 4 Energy Cannon . | . . . . . Ballistic Gun 4 | 1 1 . 1 1 Ballistic Cannon . | . . . . . Launcher 7 | . 1 . . 6 Special Weapon . | . . . . . Impact Weapon . | . . . . . Slashing Weapon . | . . . . . Piercing Weapon . | . . . . . Special Melee Weapon . | . . . . . Unidentified Prototypes . | . . . . . Parts Lost 32 | . 2 1 4 25 Power 8 | . . . 1 7 Propulsion 8 | . 1 . 1 6 Utility 4 | . . 1 . 3 Weapon 12 | . 1 . 2 9 Highest Loss Streak 9 | . 2 1 3 9 To Critical Strikes . | . . . . . Average Slot Usage (%) 91 | . 96 99 97 82 Engine 15 | . 14 22 17 13 Treads 3 | . . . . 9 Wheel 14 | . 25 22 17 2 Device 13 | . 13 10 14 14 Storage 9 | . 14 11 9 7 Processor 7 | . . 11 9 9 Protection 1 | . . . 3 1 Energy Gun 19 | . 26 22 19 14 Ballistic Gun 2 | . . . 6 2 Launcher 1 | . . . . 2 Peak Build Rating 28 | 6 9 15 23 28 Average Rating 16 | 3 7 12 19 23 On Entrance 10 | . 6 9 15 21 Naked Turns . | . . . . . Heaviest Build 160 | 14 90 98 102 160 Greatest Support 40 | 20 20 20 20 40 Greatest Overweight (x) 29 | 1 29 4 10 9 Average Overweight (x) 3 | . 4 4 5 3 Largest Inventory Capacity 25 | 8 25 25 25 25 Average Capacity 24 | 6 24 25 25 25 Most Carried 25 | 5 18 25 25 25 Average Carried 18 | 3 9 20 22 22 Final Capacity 25 | 8 25 25 25 25 Final Carried 25 | 2 18 25 22 16 Class Distribution -------------------- 30% | Scavenger-Skirmisher 29% | Mutant 28% | Scavenger-Mutant 8% | Scavenger-Tank Dominant Class ---------------- Mutant | -10/Materials Scavenger-Mutant | -9/Materials Scavenger-Skirmisher | -8/Materials Scavenger-Skirmisher | -7/Factory Resources | -11 -10 -9 -8 -7 ----------- Run | Yrd Mat Mat Mat Fac Matter Collected 865 | 197 219 70 186 193 Remotely . | . . . . . Salvage Created 2256 | . 328 242 420 1266 Parts 135 | . 31 17 20 67 Haulers Intercepted . | . . . . . Recyclers Shooed 3 | . . . . 3 Parts Field Recycled . | . . . . . Retrieved Matter . | . . . . . Parts Self-Destructed . | . . . . . Prevented . | . . . . . Kills | -11 -10 -9 -8 -7 ------- Run | Yrd Mat Mat Mat Fac Combat Hostiles Destroyed 39 | . 8 3 9 19 Guns 23 | . 2 3 9 9 AOE 14 | . 6 . . 8 Classes Destroyed 10 | . 6 2 1 1 Worker 6 | . 2 . . 4 Builder 4 | . 1 . . 3 Recycler 7 | . 1 . 1 5 Operator 2 | . . 1 1 . Watcher 9 | . 2 2 3 2 Swarmer 13 | . 3 . 6 4 Grunt 10 | . 5 . . 5 Sentry 12 | . . 3 2 7 Hunter 2 | . . . 1 1 Programmer 2 | . . . . 2 Best Kill Streak 12 | . 8 2 10 12 Combat Bots Only 6 | . 5 1 3 6 Max Kills in Single Turn 5 | . 4 1 2 5 Gunslinging 1 | . . . 1 . Exploded 2 | . 2 . . 2 Melee . | . . . . . Uniques/NPCs Destroyed . | . . . . . Combat | -11 -10 -9 -8 -7 -------- Run | Yrd Mat Mat Mat Fac Hostile Shots Fired 578 | . 28 18 59 473 Missed 204 | . 13 3 20 168 Damage Taken 3170 | . 141 169 354 2506 Core 838 | . 12 45 75 706 Absorbed by Shields . | . . . . . Redirected to Shielding 1 | . . . 1 . Ignored by Resistances 983 | . 43 47 106 787 Core Remaining (%) 92 | 100 95 88 86 . Volleys Fired 105 | 1 16 14 23 51 Largest 3 | 2 2 2 3 3 Hottest 201 | 60 80 105 161 201 Shots Fired 251 | 2 31 28 69 121 Gun 230 | 2 27 28 69 104 Cannon . | . . . . . Launcher 21 | . 4 . . 17 Special . | . . . . . Kinetic 44 | 1 1 . 17 25 Thermal 154 | . 15 14 46 79 Explosive 18 | . 4 . . 14 Electromagnetic 35 | 1 11 14 6 3 Robot Hit Streak 42 | . 20 18 23 42 Robot Miss Streak 2 | . 1 1 2 2 Penetration Max . | . . . . . Secondary Targets 3 | . . . 3 . Max Gunslinging Chain 1 | . . . 1 . Shots Hit Robots 196 | . 24 23 49 100 Core Hits 128 | . 20 9 20 79 Critical Kills 1 | . . . . 1 Critical Parts Destroyed . | . . . . . Critical Strikes 3 | . 1 . 1 1 Burn 1 | . . . 1 . Destroy 1 | . . . . 1 Corrupt 1 | . 1 . . . Melee Attacks . | . . . . . Impact . | . . . . . Slashing . | . . . . . Piercing . | . . . . . Sneak Attacks . | . . . . . Combat Hostiles . | . . . . . Follow-up Attacks . | . . . . . Damage Inflicted 4755 | . 742 294 829 2890 Guns 3030 | . 307 294 770 1659 Cannons . | . . . . . Explosions 1725 | . 435 . 59 1231 Melee . | . . . . . Ramming . | . . . . . Kinetic 409 | . . . 151 258 Thermal 2374 | . 255 124 594 1401 Explosive 1418 | . 323 . . 1095 Electromagnetic 554 | . 164 170 84 136 Impact . | . . . . . Slashing . | . . . . . Piercing . | . . . . . Highest Corruption . | . . . . . Average Corruption . | . . . . . Corruption Purged . | . . . . . Corruption Blocked . | . . . . . Overload Shots . | . . . . . Overflow Damage 41 | . . . 18 23 Projectiles . | . . . . . Explosions 41 | . . . 18 23 Melee . | . . . . . Knockbacks . | . . . . . Impact . | . . . . . Kinetic . | . . . . . Secondary . | . . . . . Self-Inflicted Damage 52 | . . . 44 8 Shots 2 | . . . 1 1 Rammed . | . . . . . Targets Rammed . | . . . . . Kicked . | . . . . . Crushed . | . . . . . Highest Temperature 470 | . 22 162 470 442 Average Temperature 102 | . 7 46 138 103 Received Heat Transfer 1197 | . 96 72 36 993 Effects 15 | . . . 8 7 Shutdowns 2 | . . . 2 . Energy Bleed 2 | . . . . 2 Interference 5 | . . . . 5 Matter Decay 1 | . . . 1 . Short Circuit 1 | . . . 1 . Damage (major) 4 | . . . 4 . Siege Activations . | . . . . . Robots Corrupted . | . . . . . Combat Hostiles . | . . . . . Parts Fried . | . . . . . Impact Corruptions . | . . . . . Robots Melted 2 | . . . . 2 Combat Hostiles 2 | . . . . 2 Parts Melted 14 | . . . 5 9 Heat Transferred 5333 | . 475 286 1382 3190 Parts Sabotaged . | . . . . . Parts Stolen . | . . . . . Parts Stripped . | . . . . . Power Chain Reactions 2 | . 1 . 1 . Alert | -11 -10 -9 -8 -7 ------- Run | Yrd Mat Mat Mat Fac Peak Influence 328 | . 245 247 328 235 Initial 88 | . . 88 88 25 Average 111 | . 79 130 183 100 Maximum Alert Level 1 | . 1 1 1 1 Low Security (%) 79 | 100 72 85 57 91 Level 1 20 | . 27 14 42 8 Level 2 . | . . . . . Level 3 . | . . . . . Level 4 . | . . . . . Level 5 . | . . . . . High Security . | . . . . . Max Security . | . . . . . Squads Dispatched 12 | . 1 . . 11 Investigation 1 | . 1 . . . Extermination 2 | . . . . 2 Reinforcement 2 | . . . . 2 Assault . | . . . . . Garrison 7 | . . . . 7 Intercept . | . . . . . Searches Triggered . | . . . . . Construction Impeded 2 | . . . . 2 Haulers Reinforced . | . . . . . Active Scanning Responses . | . . . . . Cargo Convoy Interrupts . | . . . . . Stealth | -11 -10 -9 -8 -7 --------- Run | Yrd Mat Mat Mat Fac Distress Signals 6 | . . 2 . 4 Communications Jammed . | . . . . . Distress Signals . | . . . . . Times Spotted 62 | . 14 7 14 27 Peak Tracking Total 5 | . 4 2 5 4 Tactical Retreats 1 | . . . 1 . Traps | -11 -10 -9 -8 -7 ------- Run | Yrd Mat Mat Mat Fac Traps Triggered 2 | . 2 . . . Indirectly . | . . . . . Trap Hack Attempts . | . . . . . Triggered . | . . . . . Disarmed . | . . . . . Reprogrammed . | . . . . . Reused . | . . . . . Traps Extracted . | . . . . . Installed . | . . . . . Triggered . | . . . . . Machines | -11 -10 -9 -8 -7 ---------- Run | Yrd Mat Mat Mat Fac Machines Disabled 1 | . . . . 1 Max in Single Turn 1 | . . . . 1 Machines Repaired . | . . . . . Machines Dismantled . | . . . . . Machines Sabotaged . | . . . . . Overloaded Fab Kills . | . . . . . Hacking | -11 -10 -9 -8 -7 --------- Run | Yrd Mat Mat Mat Fac Machines Accessed 7 | . 2 1 2 2 Terminals 6 | . 1 1 2 2 Fabricators . | . . . . . Repair Stations . | . . . . . Recycling Units 1 | . 1 . . . Scanalyzers . | . . . . . Garrison Access . | . . . . . Total Hacks 17 | . 2 1 8 6 Successful 11 | . 1 1 6 3 Failed 6 | . 1 . 2 3 Catastrophic . | . . . . . Database Lockouts . | . . . . . Manual . | . . . . . Terminals 16 | . 1 1 8 6 Fabricators . | . . . . . Repair Stations . | . . . . . Recycling Units 1 | . 1 . . . Scanalyzers . | . . . . . Garrison Access . | . . . . . Terminal Hacks 11 | . 1 1 6 3 Record 3 | . . . 3 . Open DSF 1 | . . . . 1 Alert Level 3 | . 1 . 1 1 Unreport Threat 1 | . . . 1 . Locate Traps 2 | . . . 1 1 Hauler Manifests 1 | . . 1 . . Fabricator Hacks . | . . . . . Repair Station Hacks . | . . . . . Recycling Unit Hacks . | . . . . . Scanalyzer . | . . . . . Garrison Access Hacks . | . . . . . Unauthorized Hacks . | . . . . . Terminals . | . . . . . Fabricators . | . . . . . Repair Stations . | . . . . . Recycling Units . | . . . . . Scanalyzers . | . . . . . Garrison Access . | . . . . . Data Cores Recovered 1 | . . 1 . . Used . | . . . . . Hacking Detections 4 | . . 1 2 1 Full Trace Events . | . . . . . Feedback Events . | . . . . . Feedback Blocked . | . . . . . Robot Schematics Acquired . | . . . . . Robots Built . | . . . . . Authchips . | . . . . . Time . | . . . . . Total Robot Build Rating . | . . . . . Part Schematics Acquired . | . . . . . Parts Built . | . . . . . Authchips . | . . . . . Time . | . . . . . Total Part Build Rating . | . . . . . Parts Repaired . | . . . . . Time . | . . . . . Parts Recycled . | . . . . . Recycled Matter . | . . . . . Retrieved Matter . | . . . . . Retrieved Components . | . . . . . Parts Scanalyzed . | . . . . . Part Schematics Acquired . | . . . . . Parts Damaged . | . . . . . Bothacking | -11 -10 -9 -8 -7 ------------ Run | Yrd Mat Mat Mat Fac Used RIF Installer . | . . . . . Robots Hacked . | . . . . . Non-combat . | . . . . . Combat . | . . . . . Robot Hacks Applied . | . . . . . Relay Couplers Released . | . . . . . Fabnet Peak Effective % . | . . . . . Robots Rewired . | . . . . . Allies Hacked . | . . . . . Hacks Repelled . | . . . . . Allies | -11 -10 -9 -8 -7 -------- Run | Yrd Mat Mat Mat Fac Total Allies . | . . . . . Largest Group . | . . . . . Highest-Rated Group . | . . . . . Highest-Rated Ally . | . . . . . Total Orders . | . . . . . Ally Attacks . | . . . . . Total Damage . | . . . . . Kills . | . . . . . Allies Corrupted . | . . . . . Allies Melted . | . . . . . Intel | -11 -10 -9 -8 -7 ------- Run | Yrd Mat Mat Mat Fac Robot Analysis Total . | . . . . . Derelict Logs Recovered . | . . . . . Drone Launches . | . . . . . Drone Recoveries . | . . . . . Exploration | -11 -10 -9 -8 -7 ------------- Run | Yrd Mat Mat Mat Fac Turns Passed 2370 | 62 635 362 435 876 Spaces Moved 1077 | 52 367 217 218 223 Core 21 | 18 3 . . . Treads 138 | 1 . . . 137 Legs 19 | . . . . 19 Wheels 899 | 33 364 217 218 67 Hover . | . . . . . Flight . | . . . . . Fastest Speed 50 | 50 80 140 140 155 Average Speed 174 | 76 149 140 156 289 Slowest Speed 1500 | 160 1500 140 230 560 Overloaded Moves . | . . . . . Propulsion Burnouts . | . . . . . Robots Hopped . | . . . . . Cave-ins Triggered . | . . . . . Exploration Rate (%) 20 | 3 49 22 19 9 Regions Visited 4 Branch Regions . Pre-discovered Areas . | . . . . . Known Exits Taken . | . . . . . Unknown Exits Taken 4 | 1 1 1 1 . Scrap Searched . | . . . . . Spaces Dug . | . . . . . Terrain Destroyed 87 | . 35 . . 52 Melee . | . . . . . Projectile . | . . . . . AOE 87 | . 35 . . 52 Terrain Rammed . | . . . . . Walls Destroyed . | . . . . . Machines Disabled . | . . . . . Actions | -11 -10 -9 -8 -7 --------- Run | Yrd Mat Mat Mat Fac Total 1354 | 70 423 248 264 349 Wait 24 | . 2 . . 22 Move 1073 | 51 366 216 217 223 Hop . | . . . . . Pick Up 63 | 7 23 11 6 16 Fast Attach 3 | 3 . . . . Attach 54 | 4 9 3 11 27 Detach 12 | . 3 . 3 6 Swap 7 | 2 2 2 . 1 Drop 13 | 2 2 2 4 3 Fire 105 | 1 16 14 23 51 Melee . | . . . . . Ram . | . . . . . Kick . | . . . . . Crush . | . . . . . Escape Stasis . | . . . . . Rewire . | . . . . . Trap . | . . . . . Miscellaneous . | . . . . . Route ------- -11/Scrapyard -10/Materials -9/Materials (discovered 2 exits: *Mat / [*Sto]) -8/Materials -7/Factory History --------- Turn | Location | Event 16 | -11/Scrapyard | Discovered new exit (range 16) 63 | -11/Scrapyard | Entered Materials 311 | -10/Materials | Build established: Mutant 645 | -10/Materials | Discovered new exit (range 15) 698 | -10/Materials | Entered another Materials area 698 | -9/Materials | Evolved 2 slots: Power x1, Utility x1 826 | -9/Materials | Discovered new exit (range 9) 1003 | -9/Materials | Build established: Scavenger-Mutant 1045 | -9/Materials | Discovered new exit (range 11) 1060 | -9/Materials | Entered another Materials area 1060 | -8/Materials | Evolved 2 slots: Utility x1, Weapon x1 1238 | -8/Materials | Lost 3 parts (1p2w) 1441 | -8/Materials | Discovered new exit (range 3) 1495 | -8/Materials | Entered Factory 1495 | -7/Factory | Evolved 2 slots: Power x1, Utility x1 1585 | -7/Factory | Garrison activated, responded to threat 1931 | -7/Factory | Lost 4 parts (2p1u1w) 2198 | -7/Factory | Garrison activated, responded to threat 2233 | -7/Factory | Lost 6 parts (1p1n4w) 2345 | -7/Factory | Core integrity fell below 50% 2361 | -7/Factory | Core integrity fell below 20% 2371 | -7/Factory | Destroyed by G-47 Trooper with Particle Gun Last Messages --------------- 02351_ U-05 Engineer builds a Wall. 02351_ U-05 Engineer lays Concrete. 02352_ R-06 Scavenger collects Particle Gun. 02352_ U-05 Engineer lays Concrete. 02352_ R-06 Scavenger collects Terrain Scan Processor. 02352_ R-06 Scavenger collects Wheel. 02353_ U-05 Engineer builds a Wall. 02356_ U-05 Engineer lays Concrete. 02357_ U-05 Engineer builds a Wall. 02358_ Y-54 Guardian emerges from the garrison. 02358_ K-01 Serf collects debris. [Achievement: Tank] 02363_ K-01 Serf collects debris. 02365_ U-05 Engineer lays Concrete. 02365_ Critical hit (Burn: +37). 02366_ U-05 Engineer lays Concrete. 02367_ K-01 Serf collects debris. 02370_ Aluminum Leg destroyed. 02371_ K-01 Serf collects debris. Map ----- +----------------------------------------------------+ | ?????????????????????????????????????????????????? | | ?????????????????????????????????????????????????? | | ?????????????????????????????????????????????????? | | ?????????????????????????????????????????????????? | | ?????????????????????????????????????????????????? | | ?????????????????????????????????????????????????? | | ?????????????????????????????????????????????????? | | ?????????????????????????????????????????????????? | | ?????????????????????????????????????????????????? | | ?????????????????????????????????????????????????? | | ?????????????????????? ?????????????????????????? | | ##########??????????? ?????????????????????????? | | ^^^ ???????????? ?????????????????????????? | | ^ ???????????? ??? ?????????????????????? | | =^= ???????????? ?? ?????????????????????? | | == ????????????? ?? ?????????????????????? | | #????########? ?? ???? ???????????????? | | #??? # ##+##+## ??????????????? | | ] #??= + ?????????????? | | #?? """ # ] ?????????????? | | ^"" #?? """ ## ??????????????? | | "" #? ||| """ # #???????????????? | | """ #? || #[%" #???????????????? | | """ # || ! ## "" #???????????????? | | "" %############r##guG #???????????????? | | % uk u u u @"" #???????????????? | | % %ku% Y " #???????????????? | | % u Y %! r #???????????????? | | % g%! ! #???????????????? | | ############################ #???????????????? | | # #??????????????? ??????????????? | | ## # # ## ###?????????????????m?????????????? | | ######## ????????????????????????????????? | | #??????? ""??????????????????????????????? | | #??????? """?????????????????????????????? | | #???????? """?????????????????????????????? | | #???????? =! ?????????????????????????????? | | #?????????!! ?????????????????????????????? | | #?????????! ?????????????????????????????? | | #?????????? = #???????????????????????????? | | #?????######+#####????????????? F????????????? | | ####### #######+#### "????????????? | | ???????????? | | ???????????? | | ######## #??????????????? | | ???????# %% ##+########???????????????????? | | ???????# % !###?????????????????????????????? | | ???????# #???????????????????????????????? | | ???????# #???????????????????????????????? | | ???????# ##### ##??????????????????????????????? | +----------------------------------------------------+ Best States ------------- Heat Dissipation 56 Energy Generation 22 Energy Capacity 415 Matter Stores 300 Matter Capacity 300 Sight Range 18 Robot Scan Range 14 Terrain Scan Density 10 Additional Mass Support 6 Armor Coverage 150 Resistance: KI 20 Resistance: TH 20 Resistance: EX 20 Resistance: EM 20 Resistance: I 20 Resistance: S 20 Resistance: P 20 Propulsion Shielding 33 Evasion (%) 50 Recoil Reduction 2 Particle Charging 15 Offensive Hacking 10 Item Schematics ----------------- None Robot Schematics ------------------ None Fabricated ------------ Nothing Alien Tech Used ----------------- None Achievements -------------- It's Just You Tank Challenges ------------ None Game ------ Seed MeleeWarlordPick Manual? 0 Play Time 00:33:47 Cumulative 3.0 hours Start 2025.04.28 @ 18:56:10 End 2025.04.28 @ 22:05:59 Sessions 3 Manual Loads 0 Difficulty Adventurer Special Mode None Game No. 3 Rogue 0 Adventurer 3 Explorer 0 Win Type - Total 0 Types 0/0/0/0/0/0/0/0/0 Lore% 2 Gallery% 7 Achievement% 9 Wizard Run 0 Options --------- Layout 1 ASCII 0 Keyboard 0 Movement Mouse Keybinds 0 Fullscreen 1 Font 28/SmallcapsGlow Map View 50x43 Zoom Use 0% Tactical HUD 1 Map Filters NONE Filters NONE Steam 1 RUN: f7680f72-a8b1-428d-bc68-f5ed55a2369a